 Dungeon Crawl Stone Soup version 0.22.1-1-ga44c0e56f4 (webtiles) character file.

2723 Jerry the Slasher (level 9, -5/74 HPs)
             Began as a Demigod Fighter on Oct 20, 2018.
             Slain by an orc warrior
             ... wielding a cursed +0 glaive
              (18 damage)
             ... on level 8 of the Dungeon.
             The game lasted 00:19:04 (8972 turns).

Jerry the Slasher (Demigod Fighter)                 Turns: 8972, Time: 00:19:04

Health: -5/74      AC:  8    Str: 25    XL:     9   Next: 17%
Magic:  11/11      EV: 13    Int: 12    God:
Gold:   369        SH:  0    Dex: 15    Spells: 8/8 levels left

rFire    . . .     SeeInvis .   a - +1 long sword (freeze)
rCold    . . .     Gourm    .   (no shield)
rNeg     + . .     Faith    .   b - +0 scale mail
rPois    .         Spirit   .   (no helmet)
rElec    .         Reflect  .   (no cloak)
rCorr    +         Harm     .   (no gloves)
MR       .....                  n - +0 pair of boots
Stlth    ++........             (no amulet)
HPRegen  0.22/turn              y - ring of positive energy
MPRegen  0.12/turn              g - ring of resist corrosion

@: no status effects
A: high mp 1
a: no special abilities


You were on level 8 of the Dungeon.
You were not hungry.

You visited 1 branch of the dungeon, and saw 8 of its levels.

You collected 369 gold pieces.

Inventory:

Hand Weapons
 a - a +1 long sword of freezing (weapon)
 e - a +2 dagger of draining
 i - a +0 dagger of speed
 p - a +1 dagger of protection
Missiles
 o - a throwing net (quivered)
Armour
 b - a +0 scale mail (worn)
 c - a +0 shield
 n - a +0 pair of boots (worn)
Jewellery
 g - a ring of resist corrosion (right hand)
 y - a ring of positive energy (left hand)
Wands
 s - a wand of acid (12)
 t - a wand of polymorph (15)
 v - a wand of clouds (3)
Scrolls
 h - 3 scrolls of fear
 j - 6 scrolls of identify
 k - 5 scrolls of remove curse
 l - a scroll of magic mapping
 q - a scroll of teleportation
 w - a scroll of blinking {unknown}
 x - a scroll of enchant weapon
Potions
 d - 5 potions of might
 m - 4 potions of haste
 r - 5 potions of curing
 u - 2 potions of agility {unknown}
 z - a potion of brilliance {unknown}
 B - 3 potions of flight {unknown}
 C - a potion of lignification {unknown}
 D - a potion of invisibility {unknown}
Comestibles
 f - 13 rations


   Skills:
 + Level 5.5 Fighting
 * Level 7.2 Long Blades
 + Level 5.4 Armour
 + Level 4.5 Dodging
 + Level 5.0 Stealth
 - Level 2.6 Shields


You had 8 spell levels left.
You didn't know any spells.
Your spell library contained the following spells:

 Spells                   Type           Power        Failure   Level  Hunger
 Shock                    Conj/Air       #...         58%         1    ##.....
 Swiftness                Chrm/Air       #.......     73%         2    ###....
 Static Discharge         Conj/Air       #.......     91%         3    ####...
 Airstrike                Air            #.........   100%        4    #####..
 Lightning Bolt           Conj/Air       #.........   100%        5    ######.


Dungeon Overview and Level Annotations

Branches:
Dungeon (8/15)             Temple (0/1) D:5            Lair (0/6) D:8


Innate Abilities, Weirdness & Mutations

You have an increased reservoir of magic. (+10% MP)


Message History

You are too injured to fight recklessly!
You are too injured to fight recklessly!
You are too injured to fight recklessly!
You are too injured to fight recklessly!
You hit the orc warrior but do no damage.
The orc warrior is moderately wounded.
You slash the orc warrior! You freeze the orc warrior.
The orc warrior is almost dead.
The orc warrior completely misses you.
You hit the orc warrior but do no damage.
The orc warrior is almost dead.
The orc warrior completely misses you.
You hit the orc warrior but do no damage.
The orc warrior is almost dead.
The orc warrior hits you with a glaive!
* * * LOW HITPOINT WARNING * * *
You barely miss the orc warrior.
The orc warrior is almost dead.
The orc warrior hits you with a glaive!!
You die...

###...#####.#......#...).........
..............PP.P........#.#####
###.######....PPP.P..............
#.# ##...P...P.P.P#.#.#.##### #.#
#.P.P.P.P.P.P...#.#.## #.#
##.....####.P...<#..#.####
##.####......#>.#P.....#.###....
#........P..P#%o#(..P..##.#.####
##.#####..P.)##@#..PP..###.## ###
#..P.).P....P...# #.#
##...)P...PP..#.# #.#####
#..............# #......
##.P.P.PP.....## #######
###P....P##..# ###.#### ..# #.#
#.# ..# #>##.#########.# # .


You could see an orc warrior.

Vanquished Creatures
  A hippogriff (D:8)
  A sky beast (D:5)
  3 phantoms
  4 ogres
  A centaur (D:7)
  A crocodile (D:8)
  3 bullfrogs
  4 scorpions
  4 killer bees (D:7)
  2 howler monkeys (D:8)
  4 crimson imps
  5 hounds
  3 orc priests
  A bullfrog skeleton (D:4)
  2 jellies
  2 iguanas
  An orc wizard (D:4)
  5 worker ants
  A hound zombie (D:7)
  A hound skeleton (D:8)
  A worker ant zombie (D:6)
  7 gnolls
  10 adders
  2 shadow imps
  An ooze (D:4)
  3 adder skeletons
  5 worms
  7 dart slugs
  7 leopard geckos
  19 orcs
  5 giant cockroaches
  7 goblins
  10 hobgoblins
  15 jackals
  7 kobolds
  5 quokkas
  2 ball pythons
  10 bats
  5 frilled lizards
  A leopard gecko zombie (D:4)
  8 rats
186 creatures vanquished.

Vanquished Creatures (others)
  3 fungi (D:8)
3 creatures vanquished.

Grand Total: 189 creatures vanquished

Notes
Turn   | Place    | Note
-------+----------+-------------------------------------------
     0 | D:1      | Jerry the Demigod Fighter began the quest for the Orb.
     0 | D:1      | Reached XP level 1. HP: 18/18 MP: 3/3
    50 | D:1      | Reached skill level 2 in Long Blades
   258 | D:1      | Reached XP level 2. HP: 25/25 MP: 4/4
   669 | D:1      | Reached skill level 1 in Stealth
   684 | D:1      | Reached XP level 3. HP: 17/30 MP: 5/5
  1881 | D:2      | Reached skill level 1 in Dodging
  2244 | D:2      | Reached XP level 4. HP: 18/38 MP: 6/6
  2696 | D:2      | Found a faded altar of an unknown god.
  2798 | D:3      | Reached skill level 3 in Long Blades
  3394 | D:3      | Reached XP level 5. HP: 31/45 MP: 7/7
  3932 | D:4      | Noticed an ogre
  3951 | D:4      | Killed an ogre
  3951 | D:4      | Reached skill level 4 in Long Blades
  3951 | D:4      | Reached XP level 6. HP: 15/51 MP: 8/8
  4430 | D:4      | Found a snail-covered altar of Cheibriados.
  4862 | D:5      | Entered Level 5 of the Dungeon
  4932 | D:5      | Reached XP level 7. HP: 54/59 MP: 9/9
  4949 | D:5      | Found a staircase to the Ecumenical Temple.
  5313 | D:5      | Reached skill level 5 in Long Blades
  6144 | D:6      | Found a hazy altar of Hepliaklqana.
  6891 | D:6      | Reached XP level 8. HP: 66/67 MP: 10/10
  7202 | D:7      | Found a radiant altar of Vehumet.
  7374 | D:7      | Reached skill level 6 in Long Blades
  7711 | D:7      | Reached skill level 5 in Fighting
  7820 | D:7      | Found a basalt altar of Yredelemnul.
  7976 | D:7      | Found a white marble altar of Elyvilon.
  8021 | D:7      | Reached skill level 5 in Armour
  8346 | D:8      | Noticed a hippogriff
  8353 | D:8      | Killed a hippogriff
  8446 | D:8      | Reached XP level 9. HP: 74/74 MP: 11/11
  8532 | D:8      | Reached skill level 7 in Long Blades
  8553 | D:8      | Reached skill level 5 in Stealth
  8892 | D:8      | Found a sacrificial altar of Ru.
  8960 | D:8      | Found a staircase to the Lair.
  8972 | D:8      | Slain by an orc warrior

Skill      XL: |  1  2  3  4  5  6  7  8  9 |
---------------+----------------------------+-----
Long Blades    | 2 3 4 5 6 7 |  7.2
Stealth        | 1 2 3 4 5 |  5.0
Fighting       | 3 4 5 |  5.5
Dodging        | 1 2 3 4 |  4.5
Armour         | 3 4 5 |  5.4
Shields        | |  2.6

Action                   |  1- 3 |  4- 6 |  7- 9 || total
-------------------------+-------+-------+-------++-------
Melee: Dagger            |   151 |   272 |    85 ||   508
       Long sword        |       |       |   361 ||   361
Throw: Throwing net      |       |     2 |       ||     2
  Use: Scroll            |       |     3 |     9 ||    12
       Potion            |       |       |     1 ||     1
 Stab: Held in net/web   |       |     1 |       ||     1
       Sleeping          |       |       |     5 ||     5
  Eat: Chunk             |     4 |     9 |    14 ||    27
Armor: Scale mail        |    64 |   107 |   171 ||   342
Dodge: Dodged            |    74 |   133 |   246 ||   453
       Rpst.: Long sword |       |       |    75 ||    75
